 Dungeon Crawl Stone Soup version 0.27-a0-1512-g99fd57bada (webtiles) character file.

Game seed: 6707569116204334756

605 Blejac999 the Slasher (level 7, 0/55 HPs)
             Began as a Vine Stalker Fighter on July 9, 2021.
             Was a Priest of Wu Jian.
             Slain by a hound (1 damage)
             ... on level 4 of the Dungeon.
             The game lasted 00:09:22 (3578 turns).

Blejac999 the Slasher (Vine Stalker Fighter)        Turns: 3578, Time: 00:09:22

Health: 0/55       AC:  7    Str: 20      XL:     7   Next: 42%
Magic:  0/8        EV:  9    Int:  8      God:    Wu Jian [***...]
Gold:   132        SH:  9    Dex: 12 (14) Spells: 5/6 levels left

rFire    . . .     SeeInvis .   a - +0 long sword
rCold    + . .     Faith    .   c - +0 kite shield
rNeg     . . .     Spirit   +   p - +2 leather armour {rC+}
rPois    .         Reflect  .   m - +0 helmet
rElec    .         Harm     .   (no cloak)
rCorr    .         Rampage  .   o - +0 pair of gloves
Will     .....                  (no boots)
Stlth    ..........             r - amulet of the acrobat
HPRegen  1.18/turn              (no ring)
MPRegen  0.11/turn              (no ring)

@: berserking, lethally poisoned (0 -> -2), very quick
A: fangs 2, regeneration 1, magic shield, antimagic bite, no potion heal 2
a: Renounce Religion, Wall Jump, Serpent's Lash


You were on level 4 of the Dungeon.
You worshipped Wu Jian.
Wu Jian was most pleased with you.
You visited 1 branch of the dungeon, and saw 5 of its levels.

You collected 132 gold pieces.

Inventory:

Hand Weapons
 a - a +0 long sword (weapon)
Missiles
 e - a throwing net (quivered)
Armour
 c - a +0 kite shield (worn)
 m - a +0 helmet (worn)
 o - a +0 pair of gloves (worn)
 p - a +2 leather armour of cold resistance (worn)
Magical Staves
 b - a staff of air
 h - a staff of death
Jewellery
 j - an amulet of guardian spirit
 r - an amulet of the acrobat (around neck)
Wands
 l - a wand of charming (8)
Scrolls
 f - a scroll of immolation
 g - 2 scrolls of identify
 k - a scroll of enchant weapon
Potions
 d - a potion of might
 n - a potion of curing


   Skills:
 + Level 3.7 Fighting
 + Level 4.9 Long Blades
 + Level 3.6 Armour
 + Level 1.4 Dodging
 + Level 0.7 Stealth
 + Level 3.9 Shields
 + Level 0.2 Summonings


You had 5 spell levels left.
You knew the following spells:

 Your Spells              Type           Power      Damage    Failure   Level
a - Summon Small Mammal   Summ           0%         N/A       89%         1

Your spell library contained the following spells:

 Spells                   Type           Power      Damage    Failure   Level
 Blink                    Tloc           N/A        N/A       97%         2
 Call Canine Familiar     Summ           0%         N/A       99%         3
 Summon Guardian Golem    Hex/Summ       0%         N/A       99%         3
 Passage of Golubria      Tloc           N/A        N/A       100%        4
 Manifold Assault         Tloc           0%         N/A       100%        5
 Summon Forest            Summ/Tloc      0%         N/A       100%        5
 Iron Shot                Conj/Erth      0%         9d1       100%        6
 Storm Form               Tmut/Air       0%         N/A       100%        7


Dungeon Overview and Level Annotations

Branches:
Dungeon (5/15)
 Temple: D:4-7

Altars:
Wu Jian

Shops:
D:4 [


Innate Abilities, Weirdness & Mutations

You have extremely sharp teeth.
Your natural rate of healing is unusually fast.
When hurt, damage is shared between your health and your magic reserves.
Your bite disrupts and absorbs the magic of your enemies.
Potions cannot restore your health.


Message History

You barely miss the water moccasin.
The water moccasin is severely wounded.
You feel very sick. The hound closely misses you. The water moccasin bites you.
The hound bites you. You block the water moccasin's attack.
Unknown command.
You hit the water moccasin but do no damage.
Your bite misses the water moccasin.
The water moccasin is severely wounded.
You feel sick. You block the hound's attack.
You block the water moccasin's attack. The hound bites you but does no damage.
The water moccasin bites you.
* * * LOW HITPOINT WARNING * * *
You are lethally poisoned!
The water moccasin poisons you!
A red film seems to cover your vision as you go berserk!
You feel yourself moving faster!
You feel mighty!
* * * LOW HITPOINT WARNING * * *
You feel very sick. The hound bites you.
* * * LOW HITPOINT WARNING * * *
The water moccasin closely misses you.
You miss the water moccasin. You bite the water moccasin!
You kill the water moccasin!
The Council accepts your kill.
* * * LOW HITPOINT WARNING * * *
You feel very sick. You block the hound's attack.
The hound bites you but does no damage.
You feel your dexterity returning.
You slash the hound! Your bite misses the hound.
The hound is heavily wounded.
* * * LOW HITPOINT WARNING * * *
You feel very sick. You block the hound's attack.
You closely miss the hound. Your bite misses the hound.
The hound is heavily wounded.
* * * LOW HITPOINT WARNING * * *
You feel very sick. You block the hound's attack. The hound bites you.
You die...

..##..####....#...# #.#. #.##..#
#..#.....# #.#. #.##..#
##..#.....# #.#. #.##..#
#.........# #!#.
#.##..###.####...########## #.#.
......##..................####.#.
....(........##..######.....##.##
#.##..#...........#.........##.##
.........#..###.@.####......##.##
#..#.###........>h...#......##.##
##.#.###........#.####......##.##
.................................
##........#.##..#.####.#######.##
..........#.#........#...........
###.........#...#.##.#..########.
................#.##.#..# ### #.
###..#####.##.#.#.##.#..# #.# #.


You could see a hound.

Vanquished Creatures
  A water moccasin (D:4)
  An ogre (D:5)
  A scorpion (D:4)
  A jelly (D:4)
  A centaur skeleton (D:5)
  A hound (D:4)
  An iguana (D:4)
  Natasha (D:3)
  A hound zombie (D:5)
  Robin (D:3)
  A howler monkey skeleton (D:4)
  5 adders
  An adder zombie (D:5)
  2 adder skeletons (D:4)
  3 worms
  7 dart slugs
  2 orcs
  6 ball pythons
  7 endoplasms
  5 giant cockroaches
  19 goblins
  6 hobgoblins
  8 jackals (D:3)
  2 kobolds
  4 quokkas
  2 bats
  3 frilled lizards
  6 rats
99 creatures vanquished.

Notes
Turn   | Place    | Note
-------+----------+-------------------------------------------
     0 | D:1      | Blejac999 the Vine Stalker Fighter began the quest for the
                  | Orb.
     0 | D:1      | Reached XP level 1. HP: 11/11 MP: 2/2
    64 | D:1      | Reached XP level 2. HP: 16/16 MP: 3/3
   530 | D:1      | Found a faded altar of an unknown god.
   538 | D:1      | Reached XP level 3. HP: 15/19 MP: 2/4
   549 | D:1      | Became a worshipper of the Wu Jian Council
   549 | D:1      | Reached * piety under Wu Jian
   633 | D:1      | Reached skill level 2 in Long Blades
   957 | D:2      | Gained mutation: Your natural rate of healing is unusually
                  | fast. [Vine Stalker growth]
   957 | D:2      | Reached XP level 4. HP: 2/24 MP: 5/5
  1672 | D:3      | Learned a level 1 spell: Summon Small Mammal
  1760 | D:3      | Reached skill level 3 in Long Blades
  1864 | D:3      | You fall into a shaft and drop 2 floors!
  1864 | D:5      | Entered Level 5 of the Dungeon
  1904 | D:5      | Noticed an ogre
  2059 | D:3      | Reached ** piety under Wu Jian
  2060 | D:3      | Reached XP level 5. HP: 27/28 MP: 4/6
  2122 | D:3      | Noticed Natasha
  2126 | D:3      | Noticed Robin
  2127 | D:3      | Killed Natasha
  2136 | D:3      | Killed Robin
  2539 | D:4      | Found Jyxzo's Antique Armour Emporium.
  2752 | D:4      | Reached skill level 1 in Dodging
  2752 | D:4      | Reached XP level 6. HP: 24/32 MP: 7/7
  3358 | D:4      | Reached *** piety under Wu Jian
  3398 | D:4      | Reached skill level 4 in Long Blades
  3497 | D:5      | Got the Incunabulum of Ashen Orientation
  3510 | D:5      | Reached XP level 7. HP: 27/36 MP: 6/8
  3578 | D:4      | HP: 1/55 [poisoned by a water moccasin]
  3578 | D:4      | Slain by a hound

Illustrated notes

Levels and vault maps discovered:
D:1:      minmay_arrival_shattered_statue, layout_basic,
          hellmonk_ecumenical_altar_blasted, hangedman_decor_lopped,
          minmay_strange_pillars
D:2:      layout_rooms, lemuel_old_faithful
D:3:      layout_loops_corners, uniq_natasha, uniq_robin
D:4:      layout_basic, serial_shops, shop, grunt_ministairs_5
D:5:      layout_rooms, minmay_manual_moon

Skill      XL: |  1  2  3  4  5  6 |
---------------+-------------------+-----
Fighting       | 3 |  3.7
Long Blades    | 2 3 4 |  4.9
Armour         | 3 |  3.6
Shields        | 3 |  3.9
Dodging        | 1 |  1.4
Stealth        | |  0.7
Summonings     | |  0.2

Action                   |  1- 3 |  4- 6 |  7- 9 || total
-------------------------+-------+-------+-------++-------
Melee: Long sword        |    78 |   154 |    18 ||   250
       Bite              |    24 |    50 |     6 ||    80
Invok: Lunge             |     1 |    12 |     1 ||    14
  Use: Potion            |     1 |     6 |     1 ||     8
       Scroll            |       |     6 |     1 ||     7
Armor: Scale mail        |    27 |    54 |       ||    81
       Leather armour    |       |    19 |    10 ||    29
Dodge: Dodged            |    25 |    46 |    19 ||    90
Block: Kite shield       |    34 |    79 |    24 ||   137
       Rpst.: Long sword |     6 |    13 |     6 ||    25

Table legend: (Time is in decaauts)
 A = Elapsed time spent in this place.
 B = Non-inter-level travel time spent in this place.
 C = Inter-level travel time spent in this place.
 D = Time resting spent in this place.
 E = Time spent auto-exploring this place.
 F = Levels seen in this place.
 G = Mean time per level.
                   A        B        C        D        E       F      G
               +--------+--------+--------+--------+--------+-----+--------+
         Total |   3699 |   3620 |     79 |    316 |   2536 |   5 |  739.8 |
       Dungeon |   3699 |   3620 |     79 |    316 |   2536 |   5 |  739.8 |
               +--------+--------+--------+--------+--------+-----+--------+

Top non-repeatable levels by time:
     D:4: 1112 daAuts
     D:3: 983 daAuts
     D:1: 901 daAuts
     D:2: 558 daAuts
     D:5: 144 daAuts
